 Dungeon Crawl Stone Soup version 0.30.1-11-g7821555f0a (webtiles) character file.

Game seed: 1420718306112846754

168 booth the Cudgeller (level 5, -1/28 HPs)
             Began as a Gargoyle Reaver on Oct 28, 2023.
             Was a Follower of Elyvilon.
             Slain by an orc priest
             ... wielding a +2 war axe of flaming
              (3 damage)
             ... on level 4 of the Dungeon.
             The game lasted 00:16:58 (3048 turns).

booth the Cudgeller (Gargoyle Reaver)               Turns: 3048, Time: 00:16:58

Health: -1/28      AC: 11    Str: 22 (24) XL:     5   Next: 48%
Magic:  9/9        EV: 11    Int: 19      God:    Elyvilon [*.....]
Gold:   171        SH:  0    Dex:  8      Spells: 3/9 levels left

rFire   . . .        k - +5 whip of a bailey {flame, rElec rPois Int+6}
rCold   + . .        (no shield)
rNeg    + . .        s - +1 ring mail {rC+}
rPois   ∞            (no helmet)
rElec   +            (no cloak)
rCorr   .            o - +0 pair of gloves
SInv    .            (no boots)
Will    .....        (no amulet) Stlth
                     h - +6 ring of strength
HPRegen 0.24/turn    (no ring)
MPRegen 0.11/turn

%: no passive effects
@: no status effects
A: sickness immunity, AC +4, negative energy resistance 1, electricity
resistance, torment resistance 1, petrification resistance, hooves 1, frail 1
a: Renounce Religion, Purification


You were on level 4 of the Dungeon.
You worshipped Elyvilon.
Elyvilon was aware of your devotion.
You visited 1 branch of the dungeon, and saw 4 of its levels.

You collected 171 gold pieces.

Inventory:

Hand Weapons
 a - a +0 mace of freezing
 k - the +5 whip of a bailey (weapon) {flame, rElec rPois Int+6}
   (You found it on level 3 of the Dungeon)

   Int:       It affects your intelligence (+6).
   rElec:     It insulates you from electricity.
   rPois:     It protects you from poison.
Missiles
 c - 8 atropa-tipped darts
 j - 5 poisoned darts (quivered)
Armour
 b - a +0 leather armour
 o - a +0 pair of gloves (worn)
 p - a +0 ring mail
 s - a +1 ring mail of cold resistance (worn)
Jewellery
 d - an amulet of faith
 h - a +6 ring of strength (left hand)
Wands
 r - a wand of charming (4)
 t - a wand of iceblast (7)
Scrolls
 e - 2 scrolls of fear
 f - 2 scrolls of magic mapping
 i - a scroll of teleportation
 l - 2 scrolls of amnesia
Potions
 g - a potion of lignification
 m - 3 potions of curing
 n - a potion of invisibility {unknown}
 q - a potion of might {unknown}


   Skills:
 + Level 3.1 Fighting
 * Level 4.1 Maces & Flails
 + Level 2.3 Dodging
 + Level 2.7 Spellcasting
 + Level 4.0 Conjurations


You had 3 spell levels left.
You knew the following spells:

 Your Spells              Type           Power      Damage    Failure   Level
a - Kiss of Death         Conj/Necr      40%        2d8       11%         1
b - Momentum Strike       Conj/Tloc      20%        3d8       17%         2
c - Hailstorm             Conj/Ice       10%        3d5       32%         3

Your spell library contained the following spells:

 Spells                   Type           Power      Damage    Failure   Level
 Inner Flame              Hex/Fire       2%         N/A       58%         3
 Ozocubu's Armour         Ice            2%         N/A       58%         3
 Flame Wave               Conj/Fire      10%        2d6       73%         4
 Sticky Flame             Conj/Fire      10%        2d3       73%         4
 Dispel Undead            Necr           2%         3d7       94%         4
 Death Channel            Necr           1%         N/A       100%        6
 Simulacrum               Ice/Necr       1%         N/A       100%        6
 Ozocubu's Refrigeration  Ice            1%         4d7       100%        7
 Polar Vortex             Ice            1%         N/A       100%        9
 Cigotuvi's Dreadful Rot  Necr/Pois/Air  Unusable   N/A       N/A         2

Dungeon Overview and Level Annotations

Branches:
Dungeon (4/15)
 Temple: D:4-7

Altars:
Ashenzari
Dithmenos
Elyvilon
Fedhas
Hepliaklqana
Ru
Uskayaw
Vehumet
Xom


Innate Abilities, Weirdness & Mutations

You are immune to sickness and miasma.
Your stone body is resilient. (AC +4)
You are immune to poison.
You resist negative energy. (rN+)
You are resistant to electric shocks. (rElec)
You are resistant to unholy torment.
You are immune to petrification.
You have large cloven feet.
You are frail. (-10% HP)


Message History

You miss the adder. Your kick misses the adder.
The adder is lightly wounded.
The adder bites you but does no damage.
You whack the adder! You burn the adder.
You kill the adder!
You now have 171 gold pieces (gained 13).
Things that are here:
a +0 club; a +0 leather armour; an orc corpse
Things that are here:
a +0 short sword; a ball python corpse; a kobold corpse An orc priest comes into view.
It is wielding a +2 war axe of flaming.
An orc comes into view. It is wielding a +0 hand axe.
The orc shouts!
The orc priest shouts!
The orc priest mumbles some strange prayers to Beogh against you.
Beogh smites you!
Ouch! That really hurt!
The orc attacks as you move away! The orc barely misses you.
The orc hits you but does no damage.
Things that are here:
a +0 short sword; a ball python corpse; a kobold corpse You hit the orc but do no damage.
You hit the orc. You burn the orc. Your kick misses the orc.
The orc is moderately wounded.
The orc misses you.
You hit the orc. You burn the orc.
You kill the orc!
You closely miss the orc priest. The orc priest closely misses you.
You whack the orc priest! You burn the orc priest.
Your kick misses the orc priest.
The orc priest is severely wounded.
The orc priest hits you with a +2 war axe of flaming!
* * * LOW HITPOINT WARNING * * *
The orc priest burns you.
* * * LOW HITPOINT WARNING * * *
You hit the orc priest but do no damage.
The orc priest is severely wounded.
The orc priest hits you with a +2 war axe of flaming.
Elyvilon protects you from harm! The orc priest burns you.
You die...

#.... ##..#.# ###...
##.... .... .##...
#..# ^^##.. #..#
#####.^.#.. ###..##
+#.#.#'.##.#
#.....###..#..###..#
#.#o#.....###......#
.o.#@#####.....##.#.#
.....#)# ########...#
#.....#.# ###.#
#.....#.# #.#
.......#.# #.#
.......#.# #####.#
#.# #.....# #.#
#.##### ..# #.#...#


You could see an orc priest.

Vanquished Creatures
  A hound (D:4)
  Ijyb (D:3)
  3 adders
  3 worms
  3 dart slugs
  12 orcs
  6 endoplasms
  4 giant cockroaches
  2 goblins
  A hobgoblin (D:1)
  6 kobolds
  5 ball pythons
  6 bats (D:1)
  A frilled lizard (D:1)
  6 rats
60 creatures vanquished.

Notes
Turn   | Place    | Note
-------+----------+-------------------------------------------
     0 | D:1      | booth the Gargoyle Reaver began the quest for the Orb.
     0 | D:1      | Reached XP level 1. HP: 12/12 MP: 3/3
    82 | D:1      | Reached XP level 2. HP: 13/18 MP: 5/5
   792 | D:2      | Reached XP level 3. HP: 22/22 MP: 6/6
   802 | D:2      | Learned a level 2 spell: Momentum Strike
   806 | D:2      | Learned a level 3 spell: Hailstorm
   870 | D:2      | HP: 1/22 [worm (4)]
   966 | D:2      | HP: 1/22 [worm (8)]
  1676 | D:2      | Gained mutation: You are frail. (-10% HP) [potion of
                  | mutation]
  1676 | D:2      | Gained mutation: You have large cloven feet. [potion of
                  | mutation]
  1810 | D:3      | Identified the +5 whip of a bailey {flame, rElec rPois
                  | Int+6}
  1988 | D:3      | Found a faded altar of an unknown god.
  2008 | D:3      | Prayed at the altar of an unknown god.
  2008 | D:3      | Became a worshipper of Elyvilon the Healer
  2008 | D:3      | Reached * piety under Elyvilon
  2090 | D:3      | Reached XP level 4. HP: 21/21 MP: 7/7
  2174 | D:3      | Noticed Ijyb
  2192 | D:3      | Killed Ijyb
  2347 | D:3      | Found a hide-covered altar of Uskayaw.
  2357 | D:3      | Found a sacrificial altar of Ru.
  2357 | D:3      | Found a hazy altar of Hepliaklqana.
  2358 | D:3      | Found a shimmering altar of Xom.
  2359 | D:3      | Found a radiant altar of Vehumet.
  2361 | D:3      | Found a broken altar of Ashenzari.
  2362 | D:3      | Found a shadowy altar of Dithmenos.
  2363 | D:3      | Found a blossoming altar of Fedhas.
  2698 | D:4      | Reached XP level 5. HP: 27/28 MP: 8/8
  3048 | D:4      | Elyvilon protects you from harm!
  3048 | D:4      | Slain by an orc priest

Illustrated notes

Levels and vault maps discovered:
D:1:      dpeg_arrival_long_road, layout_basic
D:2:      layout_loops_cross, item_on_display_a
D:3:      layout_basic, minitemple, basic_ecumenical_altar, amethyst_killhole,
          minmay_misc_feat_ornament, uniq_ijyb
D:4:      layout_basic, nemelex_spade_bored_becter,
          minmay_temple_entry_enclosed_plants, chequers_jeans

Skill      XL: |  1  2  3  4  5 |
---------------+----------------+-----
Dodging        | 2 |  2.3
Fighting       | 3 |  3.1
Maces & Flails | 4 |  4.1
Conjurations   | 4 |  4.0
Spellcasting   | |  2.7

Action                     |  1- 3 |  4- 6 || total
---------------------------+-------+-------++-------
  Melee: Mace              |   138 |       ||   138
         Whip              |    19 |    61 ||    80
         Kick              |     6 |     7 ||    13
  Throw: Dart              |     4 |       ||     4
   Cast: Kiss of Death     |     1 |       ||     1
    Use: Scroll            |     6 |     1 ||     7
         Potion            |     4 |     1 ||     5
 Armour: Leather armour    |    52 |       ||    52
         Ring mail         |    11 |    18 ||    29
  Dodge: Dodged            |   101 |    25 ||   126
